 Dungeon Crawl Stone Soup version 0.28-a0-851-g8b9cc49659 (webtiles) character file.

Game seed: 15218441213945703433

2548 jasper the Destroyer (level 9, -2/51 HPs)
             Began as an Octopode Conjurer on Nov 15, 2021.
             Was an Initiate of Vehumet.
             Blown up by a gnoll shaman (33 damage)
             ... with a mindburst bolt
             ... on level 7 of the Dungeon.
             The game lasted 00:11:40 (8126 turns).

jasper the Destroyer (Octopode Conjurer)            Turns: 8126, Time: 00:11:41

Health: -2/51      AC:  1    Str:  6    XL:     9   Next: 56%
Magic:  9/16       EV: 13    Int: 23    God:    Vehumet [......]
Gold:   315        SH:  5    Dex: 11    Spells: 0/18 levels left

rFire   + . .      SeeInvis +   f - +2 short sword (drain)
rCold   . . .      Faith    .   (no shield)
rNeg    . . .      Spirit   .   (helmet restricted)
rPois   .          Reflect  +   j - amulet of reflection
rElec   .          Harm     .   q - ring of protection from fire
rCorr   .          Rampage  .   n - ring of see invisible
Will    .....                   (no ring)
Stlth   +++.......              (no ring)
HPRegen 0.17/turn               (no ring)
MPRegen 0.15/turn               (no ring)
                                (no ring)
                                (no ring)

@: no status effects
A: almost no armour, amphibious, 8 rings, camouflage 1, gelatinous body 1,
(nimble swimmer 1), tentacles
a: Renounce Religion


You were on level 7 of the Dungeon.
You worshipped Vehumet.
Vehumet was noncommittal.
You visited 1 branch of the dungeon, and saw 7 of its levels.

You collected 315 gold pieces.

Inventory:

Hand Weapons
 e - a +0 short sword
 f - a +2 short sword of draining (weapon)
 r - a +2 falchion of holy wrath
Missiles
 b - 56 poisoned darts
 d - 141 stones
Jewellery
 j - an amulet of reflection (around mantle)
 n - a ring of see invisible (right tentacle)
 q - a ring of protection from fire (left tentacle)
Wands
 h - a wand of mindburst (8)
Scrolls
 k - 2 scrolls of amnesia
 m - 5 scrolls of enchant armour
 o - 3 scrolls of teleportation
 u - a scroll of noise {unknown}
Potions
 a - 2 potions of heal wounds
 c - a potion of haste
 g - 3 potions of curing
 i - 2 potions of degeneration {unknown}
 l - a potion of mutation {unknown}
 p - a potion of brilliance {unknown}
 s - a potion of ambrosia {unknown}
 t - 2 potions of resistance


   Skills:
 + Level 0.0 Fighting
 + Level 2.0 Dodging
 - Level 2.7 Stealth
 + Level 5.2 Spellcasting
 - Level 10.9 Conjurations
 - Level 2.0 Translocations
 * Level 0.0 Fire Magic
 - Level 3.0 Air Magic
 - Level 3.0 Earth Magic


You couldn't memorise any spells.
You knew the following spells:

 Your Spells              Type           Power      Damage    Failure   Level
a - Magic Dart            Conj           100%       1d8       1%          1
b - Searing Ray           Conj           100%       2d8       1%          2
c - Swiftness             Air            20%        N/A       8%          3
d - Passwall              Tmut/Erth      10%        N/A       8%          2
e - Iskenderun's Mystic   Conj/Tloc      35%        2d8       6%          4
f - Blink                 Tloc           30%        N/A       6%          2
g - Flame Wave            Conj/Fire      31%        3d7       10%         4

Your spell library contained the following spells:

 Spells                   Type           Power      Damage    Failure   Level
 Foxfire                  Conj/Fire      100%       2x1d9     1%          1
 Conjure Flame            Conj/Fire      31%        6-21      3%          3
 Dazzling Flash           Conj/Hex       62%        N/A       3%          3
 Fulminant Prism          Conj/Hex       15%        3d11      10%         4
 Inner Flame              Hex/Fire       6%         N/A       28%         3
 Manifold Assault         Tloc           15%        N/A       75%         5
 Storm Form               Tmut/Air       6%         N/A       100%        7
 Borgnjor's Revivificati  Necr           3%         N/A       100%        8
 Necromutation            Tmut/Necr      3%         N/A       100%        8
 Death's Door             Necr           3%         N/A       100%        9


Dungeon Overview and Level Annotations

Branches:
Dungeon (7/15)
 Temple: D:4-7

Altars:
Vehumet
Xom

Annotations:
D:2 Robin
D:6 2 transporters, Dowan, Duvessa


Innate Abilities, Weirdness & Mutations

You cannot wear most types of armour.
You are amphibious.
You can wear up to eight rings at the same time.
Your skin changes colour to match your surroundings (Stealth+).
Your rubbery body absorbs attacks. (AC +1, EV +1)
((You are camouflaged near water. (Stealth+)))
You have tentacles for arms and can constrict up to eight enemies at once.


Message History

You take 9 damage, and have 15/51 hp.
You now have 0/16 mp.
Casting: Searing Ray (safe; 1% risk of failure)
Confirm with . or Enter, or press ? or * to list all spells.
Okay, then.
Casting: Searing Ray (safe; 1% risk of failure)
Confirm with . or Enter, or press ? or * to list all spells.
Aiming: Searing Ray (safe; 1% risk of failure)
Press: ? - help, Shift-Dir - straight line, f/p - yak
Aim: a yak (severely wounded, 90% to hit)
The searing ray hits the yak.
The yak is almost dead. (Press . to maintain the ray.)
You now have 1/16 mp.
The searing ray hits the yak!
You kill the yak!
Vehumet accepts your kill.
Your Air Magic skill increases to level 3!
Your Earth Magic skill increases to level 3!
You now have 0/16 mp.
You start resting.
A gnoll shaman comes into view.
It is wielding a +0 whip and carrying a wand of mindburst (15).
You regained 10 hp, and now have 29/51 hp.
You regained 10 mp, and now have 10/16 mp.
Casting: Searing Ray (safe; 1% risk of failure)
Confirm with . or Enter, or press ? or * to list all spells.
Okay, then.
The gnoll shaman shouts!
You hear a shout!
You start resting.
A gnoll shaman is nearby!
Casting: Searing Ray (safe; 1% risk of failure)
Confirm with . or Enter, or press ? or * to list all spells.
Aiming: Searing Ray (safe; 1% risk of failure)
Press: ? - help, Shift-Dir - straight line, f - gnoll shaman
Aim: a gnoll shaman, wielding a +0 whip, wearing a +0 leather armour and carrying a wand of mindburst (15) (85% to hit)
The searing ray hits the gnoll shaman!
The gnoll shaman is severely wounded. (Press . to maintain the ray.)
The gnoll shaman zaps a wand.
Your mind is blasted!
Ouch! That really hurt!
You die...

####....# ##..# ..#
........# #..# ..#
........# #..# .##
...##...# #..# .# ...#
##.## #..# .##
...###...########..##....
...#.....g...g...........
#........#..###...##..#..
##.####.###.# ##@.# #....
##.# ### #.# ##.# ..##
#.## ### #.# ## ### ###


You could see a gnoll shaman.

Vanquished Creatures
  Eustachio (D:5)
  3 yaks (D:7)
  An orc warrior (D:6)
  A sky beast (D:6)
  2 necrophages
  An ice beast (D:6)
  2 ogres
  2 centaurs
  A phantom (D:6)
  2 bullfrogs
  A scorpion (D:5)
  A water moccasin skeleton (D:5)
  5 wights (D:6)
  A bullfrog zombie (D:6)
  A centaur zombie (D:6)
  2 hounds (D:5)
  3 orc priests
  A bullfrog skeleton (D:5)
  2 jellies
  3 iguanas
  Jessica (D:2)
  3 orc wizards (D:5)
  A statue (D:6)
  3 gnolls
  4 adders
  A shadow imp (D:5)
  A white imp (D:6)
  A worm (D:5)
  A dart slug (D:5)
  20 orcs
  6 ball pythons
  9 endoplasms
  A giant cockroach (D:1)
  12 goblins
  4 hobgoblins
  4 jackals (D:1)
  5 quokkas
  6 bats
  5 kobolds
  6 rats
130 creatures vanquished.

Notes
Turn   | Place    | Note
-------+----------+-------------------------------------------
     0 | D:1      | jasper the Octopode Conjurer began the quest for the Orb.
     0 | D:1      | Reached XP level 1. HP: 11/11 MP: 3/3
   104 | D:1      | Reached XP level 2. HP: 11/17 MP: 0/5
   107 | D:1      | Learned a level 2 spell: Searing Ray
   701 | D:1      | Reached XP level 3. HP: 21/21 MP: 3/6
   797 | D:1      | Learned a level 3 spell: Swiftness
  1500 | D:2      | Noticed Jessica
  1504 | D:2      | Killed Jessica
  1505 | D:2      | Reached skill level 5 in Conjurations
  1505 | D:2      | Reached XP level 4. HP: 27/27 MP: 4/8
  1510 | D:2      | Learned a level 2 spell: Passwall
  1570 | D:2      | Noticed Robin
  1873 | D:2      | Noticed an ogre
  1878 | D:2      | Killed an ogre
  1879 | D:2      | Reached XP level 5. HP: 12/31 MP: 1/9
  2482 | D:3      | Reached skill level 6 in Conjurations
  2500 | D:3      | Reached XP level 6. HP: 36/36 MP: 2/11
  2505 | D:3      | Learned a level 4 spell: Iskenderun's Mystic Blast
  2962 | D:3      | Found a faded altar of an unknown god.
  3299 | D:4      | Found a shimmering altar of Xom.
  3317 | D:4      | Found a shimmering altar of Xom.
  3317 | D:4      | Found a shimmering altar of Xom.
  3319 | D:4      | Found a shimmering altar of Xom.
  3320 | D:4      | Found a shimmering altar of Xom.
  3320 | D:4      | Found a shimmering altar of Xom.
  3349 | D:4      | Noticed a necrophage
  3358 | D:4      | Killed a necrophage
  3922 | D:4      | Reached skill level 7 in Conjurations
  3922 | D:4      | Reached XP level 7. HP: 27/41 MP: 6/13
  4214 | D:5      | Entered Level 5 of the Dungeon
  4396 | D:5      | Learned a level 2 spell: Blink
  4801 | D:5      | Noticed Eustachio
  4809 | D:5      | Killed Eustachio
  4810 | D:5      | Reached skill level 8 in Conjurations
  4810 | D:5      | Reached XP level 8. HP: 38/46 MP: 6/15
  4952 | D:5      | Reached skill level 5 in Spellcasting
  5609 | D:6      | Reached skill level 9 in Conjurations
  5709 | D:6      | Found a transporter.
  5859 | D:6      | Found a radiant altar of Vehumet.
  5865 | D:6      | Became a worshipper of Vehumet
  6377 | D:6      | Found a transporter.
  6476 | D:6      | Reached skill level 10 in Conjurations
  6668 | D:6      | Reached XP level 9. HP: 30/51 MP: 12/16
  6956 | D:6      | Noticed Duvessa
  6965 | D:6      | Noticed Dowan
  7569 | D:7      | Reached skill level 1 in Translocations
  7569 | D:7      | Reached skill level 1 in Air Magic
  7569 | D:7      | Reached skill level 1 in Earth Magic
  7964 | D:7      | Learned a level 4 spell: Flame Wave
  8126 | D:7      | Blown up by a gnoll shaman

Illustrated notes

Levels and vault maps discovered:
D:1:      eino_arrival_water_star, layout_basic
D:2:      layout_loops_ring, uniq_robin, uniq_jessica
D:3:      layout_loops_ring, ebering_ecumenical_altar_webs,
          kennysheep_generic_room_9
D:4:      layout_loops_ring, xom_redecorated, patterned_corridor
D:5:      layout_loops_ring, uniq_eustachio
D:6:      gammafunk_cloud_chamber, layout_cave_pods,
          chequers_temple_overflow_statue_of_worship, vehumet_statue,
          minmay_temple_entry_junction, minmay_crystal_water, uniq_duvessa
D:7:      layout_layer_cave, gammafunk_temple_overflow_forgotten

Skill      XL: |  1  2  3  4  5  6  7  8  9 |
---------------+----------------------------+-----
Conjurations   | 5 6 7 8 10 | 10.9
Spellcasting   | 3 4 5 |  5.2
Translocations | 2 |  2.0
Air Magic      | 3 |  3.0
Earth Magic    | 3 |  3.0
Dodging        | |  2.0
Stealth        | |  2.7

Action                   |  1- 3 |  4- 6 |  7- 9 || total
-------------------------+-------+-------+-------++-------
Melee: Unarmed           |    17 |       |       ||    17
       Constrict         |     4 |     2 |     2 ||     8
       Tentacles         |     3 |     1 |     2 ||     6
       Short sword       |       |     4 |     6 ||    10
 Cast: Magic Dart        |    52 |    34 |    66 ||   152
       Searing Ray       |     4 |    16 |    47 ||    67
       Iskenderun's Myst |       |       |     1 ||     1
Evoke: Wand              |       |       |     2 ||     2
  Use: Scroll            |     1 |     6 |     4 ||    11
 Stab: Sleeping          |     1 |       |       ||     1
Armor: Skin              |     2 |     1 |     3 ||     6
Dodge: Dodged            |    11 |     8 |    35 ||    54
Block: Other             |       |     3 |    11 ||    14
       Reflection        |       |       |     1 ||     1

Table legend: (Time is in decaauts)
 A = Elapsed time spent in this place.
 B = Non-inter-level travel time spent in this place.
 C = Inter-level travel time spent in this place.
 D = Time resting spent in this place.
 E = Time spent auto-exploring this place.
 F = Levels seen in this place.
 G = Mean time per level.
                   A        B        C        D        E       F      G
               +--------+--------+--------+--------+--------+-----+--------+
         Total |   8127 |   7872 |    255 |   1758 |   5261 |   7 | 1161.0 |
       Dungeon |   8127 |   7872 |    255 |   1758 |   5261 |   7 | 1161.0 |
               +--------+--------+--------+--------+--------+-----+--------+

Top non-repeatable levels by time:
     D:1: 1722 daAuts
     D:5: 1680 daAuts
     D:6: 1338 daAuts
     D:3: 1117 daAuts
     D:4: 932 daAuts
     D:7: 893 daAuts
     D:2: 442 daAuts
